 Dungeon Crawl Stone Soup version 0.27-a0-1196-g3e9cee4cb2 (webtiles) character file.

Game seed: 15606214774444357813

151 lightspider the Caller (level 5, -1/41 HPs)
             Began as a Draconian Summoner on May 30, 2021.
             Succumbed to a gnoll's poison
             ... on level 3 of the Dungeon.
             The game lasted 00:12:22 (3115 turns).

lightspider the Caller (Draconian Summoner)         Turns: 3115, Time: 00:12:23

Health: -1/41      AC:  5    Str: 10    XL:     5   Next: 10%
Magic:  1/9        EV: 12    Int: 15    God:
Gold:   81         SH:  0    Dex: 13    Spells: 6/9 levels left

rFire    . . .     SeeInvis .   b - +2 short sword (venom)
rCold    . . .     Faith    .   (no shield)
rNeg     . . .     Spirit   .   (armour unavailable)
rPois    .         Reflect  .   (helmet restricted)
rElec    .         Harm     .   (no cloak)
rCorr    .         Rampage  .   (no gloves)
Will     .....                  (no boots)
Stlth    ++........             (no amulet)
HPRegen  0.13/turn              (no ring)
MPRegen  0.11/turn              (no ring)

@: lethally poisoned (-1 -> -25)
A: AC +5, unfitting armour, cold-blooded
a: no special abilities


You were on level 3 of the Dungeon.
You visited 1 branch of the dungeon, and saw 3 of its levels.

You collected 81 gold pieces.

Inventory:

Hand Weapons
 b - a +2 short sword of venom (weapon)
 f - a +0 dagger
Scrolls
 g - a scroll of identify
Potions
 a - 2 potions of degeneration
 c - a potion of magic {unknown}
 d - a potion of resistance {unknown}
 e - a potion of curing {unknown}


   Skills:
 + Level 2.1 Fighting
 + Level 1.6 Short Blades
 + Level 2.6 Dodging
 - Level 1.7 Stealth
 - Level 0.6 Unarmed Combat
 + Level 2.8 Spellcasting
 + Level 4.5 Summonings


You had 6 spell levels left.
You knew the following spells:

 Your Spells              Type           Power      Damage    Failure   Level
a - Summon Small Mammal   Summ           60%        N/A       3%          1
b - Call Imp              Summ           15%        N/A       4%          2

Your spell library contained the following spells:

 Spells                   Type           Power      Damage    Failure   Level
 Call Canine Familiar     Summ           15%        N/A       10%         3
 Summon Guardian Golem    Hex/Summ       8%         N/A       24%         3
 Summon Ice Beast         Ice/Summ       8%         N/A       63%         4
 Summon Lightning Spire   Summ/Air       8%         N/A       63%         4


Dungeon Overview and Level Annotations

Branches:
Dungeon (3/15)

Altars:


Innate Abilities, Weirdness & Mutations

Your plain brown scales are hard. (AC +5)
You cannot fit into any form of body armour.
You are cold-blooded and may be slowed by cold attacks.


Message History

Your crimson imp blinks!
The gnoll hits you with a +0 flail.
Your white imp gestures at the adder skeleton.
The puff of frost hits the adder skeleton.
The adder skeleton resists.
You hit the gnoll.
The gnoll looks as sick as possible!
The gnoll is almost dead.
You kill the gnoll!
The adder skeleton bites your white imp.
The gnoll hits you from afar with a +2 halberd of venom!
You are poisoned.
Your white imp misses the adder skeleton.
You swap places.
You feel very sick.
The adder skeleton bites your white imp.
Your shadow imp hits the gnoll but does no damage.
Your crimson imp barely misses the gnoll.
Your white imp hits the adder skeleton.
Your white imp freezes the adder skeleton.
The adder skeleton completely resists.
What are your orders? t - Shout!
Orders for allies: a - Attack new target. r - Retreat! s - Stop attacking. g - Guard the area. f - Follow me.
Anything else - Cancel.
Gang up on whom?
Press: ? - help, Dir - move target, f - gnoll
Aim: a gnoll, wielding a +2 halberd of venom Attack!
* * * LOW HITPOINT WARNING * * *
You feel very sick.
The adder skeleton bites your white imp but does no damage.
The gnoll hits you from afar with a +2 halberd of venom!
* * * LOW HITPOINT WARNING * * *
You are more poisoned.
Your shadow imp hits the gnoll.
Your crimson imp closely misses the gnoll.
Your white imp hits the gnoll.
Your white imp freezes the gnoll.
You die...

##...##..##
#.........# #
#....##...#
..
#.#.###...#
#.#.#.......#
#....##..#..#
#.......###.#
##..<##..#..#
##.####@...#
#. ##.$.# #.
#55.#
......5g).#
#......Z..#
########.##
.# .# .#


You could see a gnoll (ally target), an adder skeleton, a friendly crimson imp
(summoned) and a friendly shadow imp (summoned).

Vanquished Creatures
  A gnoll (D:3)
  An adder (D:2)
  A worm (D:2)
  2 dart slugs
  5 ball pythons
  3 bats (D:2)
  2 endoplasms (D:1)
  A giant cockroach (D:1)
  5 goblins
  3 hobgoblins (D:2)
  2 jackals (D:1)
  5 frilled lizards
  2 kobolds
  3 rats
36 creatures vanquished.

Vanquished Creatures (collateral kills)
  A necrophage (D:2)
  2 gnolls (D:3)
  An adder (D:2)
  A ball python (D:2)
  2 jackals (D:1)
  3 kobolds
  2 bats
  3 rats
15 creatures vanquished.

Vanquished Creatures (others)
  5 toadstools (D:1)
5 creatures vanquished.

Grand Total: 56 creatures vanquished

Notes
Turn   | Place    | Note
-------+----------+-------------------------------------------
     0 | D:1      | lightspider the Draconian Summoner began the quest for the
                  | Orb.
     0 | D:1      | Reached XP level 1. HP: 14/14 MP: 3/3
   388 | D:1      | Reached XP level 2. HP: 19/22 MP: 1/5
   799 | D:1      | Learned a level 2 spell: Call Imp
  1135 | D:1      | Found a faded altar of an unknown god.
  1172 | D:1      | Reached skill level 1 in Fighting
  1639 | D:2      | Reached XP level 3. HP: 24/28 MP: 2/6
  1777 | D:2      | Noticed a necrophage
  1823 | D:2      | Killed a necrophage
  1824 | D:2      | Reached skill level 1 in Short Blades
  1824 | D:2      | Reached XP level 4. HP: 4/36 MP: 0/7
  3111 | D:3      | Reached XP level 5. HP: 33/41 MP: 0/9
  3115 | D:3      | Succumbed to a gnoll's poison

Illustrated notes

Levels and vault maps discovered:
D:1:      ldierk_walled_garden, layout_basic, ebering_ecumenical_altar_mist
D:2:      layout_basic
D:3:      layout_loops_ring

Skill      XL: |  1  2  3  4 |
---------------+-------------+-----
Dodging        | 2 |  2.6
Fighting       | 1 2 |  2.1
Short Blades   | 1 |  1.6
Stealth        | |  1.7
Unarmed Combat | |  0.6
Spellcasting   | |  2.8
Summonings     | |  4.5

Action                   |  1- 3 |  4- 6 || total
-------------------------+-------+-------++-------
Melee: Dagger            |    34 |       ||    34
       Unarmed           |     5 |       ||     5
       Short sword       |    34 |    44 ||    78
       Tailslap          |     7 |     7 ||    14
 Cast: Summon Small Mamm |    20 |       ||    20
       Call Imp          |     6 |     7 ||    13
  Use: Scroll            |     4 |     1 ||     5
 Stab: Sleeping          |     2 |     5 ||     7
Armor: Skin              |    21 |    14 ||    35
Dodge: Dodged            |    60 |    36 ||    96

Table legend: (Time is in decaauts)
 A = Elapsed time spent in this place.
 B = Non-inter-level travel time spent in this place.
 C = Inter-level travel time spent in this place.
 D = Time resting spent in this place.
 E = Time spent auto-exploring this place.
 F = Levels seen in this place.
 G = Mean time per level.
                   A        B        C        D        E       F      G
               +--------+--------+--------+--------+--------+-----+--------+
         Total |   3119 |   2934 |    185 |    531 |   1836 |   3 | 1039.7 |
       Dungeon |   3119 |   2934 |    185 |    531 |   1836 |   3 | 1039.7 |
               +--------+--------+--------+--------+--------+-----+--------+

Top non-repeatable levels by time:
     D:1: 1624 daAuts
     D:2: 1452 daAuts
     D:3: 43 daAuts
